TOP OF THE 1ST |
Oakland Oaks batting - Pitching for Palm Beach Nationals : RHP Jimmy Purscell
|
Pitching: RHP Jimmy Purscell
|
|
Batting: RHB Scott Lister
|
0-0: Ball 1-0: Called Strike 1-1: Fly out, F9 (Flyball, 9LM, EV 90.6 MPH)
|
Batting: RHB Chris Bohm
|
0-0: Ball 1-0: Ball 2-0: Ball 3-0: Called Strike 3-1: Base on Balls
|
Batting: SHB D.J. Codd
|
0-0: Called Strike Chris Bohm steals 2nd base 0-1: Called Strike 0-2: Strikes out looking
|
Batting: RHB Todd Vanasco
|
0-0: Ball 1-0: Ball 2-0: Swinging Strike 2-1: Ball 3-1: Swinging Strike 3-2: Strikes out swinging
|
Top of the 1st over - 0 runs, 0 hits, 0 errors, 1 left on base; Oakland 0 - Palm Beach 0 |
BOTTOM OF THE 1ST |
Palm Beach Nationals batting - Pitching for Oakland Oaks : RHP Corbin Schenn
|
Pitching: RHP Corbin Schenn
|
|
Batting: LHB Chris Williams
|
0-0: Ball 1-0: Called Strike 1-1: Swinging Strike 1-2: Foul Ball, location: 2F 1-2: Foul Ball, location: 2F 1-2: Ball 2-2: Strikes out swinging
|
Batting: RHB Tylor Cyr
|
0-0: Ball 1-0: Ball 2-0: Called Strike 2-1: Fly out, F7 (Flyball, 7, EV 87.5 MPH)
|
Batting: SHB Curtis DeLille
|
0-0: Ground out 6-3 (Groundball, 6, EV 106.2 MPH)
|
Bottom of the 1st over - 0 runs, 0 hits, 0 errors, 0 left on base; Oakland 0 - Palm Beach 0 |
TOP OF THE 2ND |
Oakland Oaks batting - Pitching for Palm Beach Nationals : RHP Jimmy Purscell
|
Batting: LHB Alejandro Muniz
|
0-0: Fly out, F6 (Popup, 6MD, EV 54.4 MPH)
|
Batting: RHB Tim Cordle
|
0-0: Ball 1-0: Foul Ball, location: 2F 1-1: Called Strike 1-2: Foul Ball, location: 2F 1-2: Foul Ball, location: 2F 1-2: Ball 2-2: Ball 3-2: Fly out, F3 (Popup, 34S, EV 72.5 MPH)
|
Batting: LHB Gregg Power
|
0-0: Ball 1-0: Called Strike 1-1: Called Strike 1-2: Ball 2-2: Ball 3-2: Strikes out swinging
|
Top of the 2nd over - 0 runs, 0 hits, 0 errors, 0 left on base; Oakland 0 - Palm Beach 0 |
BOTTOM OF THE 2ND |
Palm Beach Nationals batting - Pitching for Oakland Oaks : RHP Corbin Schenn
|
Batting: RHB Dave Burwell
|
0-0: Ball 1-0: Ball 2-0: Foul Ball, location: 2F 2-1: Foul Ball, location: 2F 2-2: Strikes out swinging
|
Batting: RHB Lamar Thornton
|
0-0: Ball 1-0: Foul Ball, location: 2F 1-1: Swinging Strike 1-2: Foul Ball, location: 2F 1-2: Ball 2-2: Foul Ball, location: 2F 2-2: Strikes out swinging
|
Batting: RHB Jessie Fisher
|
0-0: Swinging Strike 0-1: Ball 1-1: Foul Ball, location: 2F 1-2: Ball 2-2: Ground out 4-3 (Groundball, 4, EV 87.5 MPH)
|
Bottom of the 2nd over - 0 runs, 0 hits, 0 errors, 0 left on base; Oakland 0 - Palm Beach 0 |
TOP OF THE 3RD |
Oakland Oaks batting - Pitching for Palm Beach Nationals : RHP Jimmy Purscell
|
Batting: RHB Tim Anderson
|
0-0: Ball 1-0: Called Strike 1-1: Ball 2-1: Foul Ball, location: 2F 2-2: Strikes out swinging
|
Batting: RHB Travis Robinson
|
0-0: SOLO HOME RUN (Flyball, 9LD, EV 97.5 MPH), Distance : 357 ft
|
Batting: RHB Scott Lister
|
0-0: Ball 1-0: Foul Ball, location: 2F 1-1: Foul Ball, location: 2F 1-2: Strikes out looking
|
Batting: RHB Chris Bohm
|
0-0: Called Strike 0-1: Foul Ball, location: 2F 0-2: Strikes out looking
|
Top of the 3rd over - 1 run, 1 hit, 0 errors, 0 left on base; Oakland 1 - Palm Beach 0 |
BOTTOM OF THE 3RD |
Palm Beach Nationals batting - Pitching for Oakland Oaks : RHP Corbin Schenn
|
Batting: RHB Scott Merritt
|
0-0: Fly out, F8 (Flyball, 89S, EV 77.5 MPH)
|
Batting: RHB Taffounnout Kame
|
0-0: Foul Ball, location: 2F 0-1: Foul Ball, location: 2F 0-2: Foul Ball, location: 2F 0-2: Ball 1-2: Strikes out looking
|
Batting: RHB Vasag Semerjian
|
0-0: Called Strike 0-1: Foul Ball, location: 2F 0-2: Ball 1-2: Foul Ball, location: 2F 1-2: Foul Ball, location: 2F 1-2: Ball 2-2: Foul Ball, location: 2F 2-2: Ball 3-2: Foul Ball, location: 2F 3-2: Strikes out swinging
|
Bottom of the 3rd over - 0 runs, 0 hits, 0 errors, 0 left on base; Oakland 1 - Palm Beach 0 |
TOP OF THE 4TH |
Oakland Oaks batting - Pitching for Palm Beach Nationals : RHP Jimmy Purscell
|
Batting: SHB D.J. Codd
|
0-0: Ball 1-0: Called Strike 1-1: Called Strike 1-2: Ball 2-2: Ball 3-2: Foul Ball, location: 2F 3-2: Strikes out swinging
|
Batting: RHB Todd Vanasco
|
0-0: Foul Ball, location: 2F 0-1: Fly out, F9 (Flyball, 9, EV 94.4 MPH)
|
Batting: LHB Alejandro Muniz
|
0-0: Ball 1-0: Fly out, F8 (Flyball, 8LD, EV 91.9 MPH)
|
Top of the 4th over - 0 runs, 0 hits, 0 errors, 0 left on base; Oakland 1 - Palm Beach 0 |
BOTTOM OF THE 4TH |
Palm Beach Nationals batting - Pitching for Oakland Oaks : RHP Corbin Schenn
|
Batting: LHB Chris Williams
|
0-0: Swinging Strike 0-1: Ball 1-1: Foul Ball, location: 2F 1-2: Ball 2-2: Strikes out swinging
|
Batting: RHB Tylor Cyr
|
0-0: Ball 1-0: Ball 2-0: Foul Ball, location: 2F 2-1: Called Strike 2-2: Fly out, F8 (Flyball, 8LXD, EV 104.4 MPH)
|
Batting: SHB Curtis DeLille
|
0-0: Ball 1-0: Called Strike 1-1: Ball 2-1: SINGLE (Groundball, 34D, EV 104.4 MPH)
|
Batting: RHB Dave Burwell
|
0-0: Ball 1-0: Ball 2-0: Ball 3-0: Called Strike 3-1: Foul Ball, location: 2F 3-2: Strikes out swinging
|
Bottom of the 4th over - 0 runs, 1 hit, 0 errors, 1 left on base; Oakland 1 - Palm Beach 0 |
TOP OF THE 5TH |
Oakland Oaks batting - Pitching for Palm Beach Nationals : RHP Jimmy Purscell
|
Batting: RHB Tim Cordle
|
0-0: Fly out, F7 (Flyball, 7LS, EV 86.2 MPH)
|
Batting: LHB Gregg Power
|
0-0: Called Strike 0-1: SOLO HOME RUN (Flyball, 9LD, EV 93.1 MPH), Distance : 345 ft
|
Batting: RHB Tim Anderson
|
0-0: Foul Ball, location: 2F 0-1: Ball 1-1: Ball 2-1: Called Strike 2-2: Strikes out looking
|
Batting: RHB Travis Robinson
|
0-0: Swinging Strike 0-1: Called Strike 0-2: Strikes out swinging
|
Top of the 5th over - 1 run, 1 hit, 0 errors, 0 left on base; Oakland 2 - Palm Beach 0 |
BOTTOM OF THE 5TH |
Palm Beach Nationals batting - Pitching for Oakland Oaks : RHP Corbin Schenn
|
Batting: RHB Lamar Thornton
|
0-0: Ball 1-0: Ball 2-0: SINGLE (Line Drive, 7S, EV 107.5 MPH)
|
Batting: RHB Jessie Fisher
|
0-0: Ball 1-0: Called Strike 1-1: Ball 2-1: Called Strike 2-2: Foul Ball, location: 2F 2-2: Foul Ball, location: 2F 2-2: Fly out, F7 (Flyball, 7D, EV 92.5 MPH)
|
Batting: RHB Scott Merritt
|
0-0: Foul Ball, location: 2F 0-1: Ball 1-1: Called Strike 1-2: Strikes out looking
|
Batting: RHB Taffounnout Kame
|
0-0: Ball 1-0: SINGLE (Groundball, 56S, EV 66.9 MPH) (infield hit) Lamar Thornton to second
|
Pitching: RHP Jalen Cobbins
|
|
Batting: RHB Vasag Semerjian
|
0-0: Ball 1-0: Ball 2-0: Ball 3-0: Called Strike 3-1: Foul Ball, location: 2F 3-2: Strikes out swinging
|
Bottom of the 5th over - 0 runs, 2 hits, 0 errors, 2 left on base; Oakland 2 - Palm Beach 0 |
TOP OF THE 6TH |
Oakland Oaks batting - Pitching for Palm Beach Nationals : RHP Jimmy Purscell
|
Batting: RHB Scott Lister
|
0-0: Called Strike 0-1: Hit by Pitch
|
Batting: RHB Chris Bohm
|
0-0: Swinging Strike 0-1: Ball 1-1: Ball 2-1: Ball Scott Lister is caught stealing 2nd base 2-4 3-1: Foul Ball, location: 2F 3-2: Strikes out swinging
|
Batting: SHB D.J. Codd
|
0-0: Ball 1-0: Ball 2-0: Called Strike 2-1: Ball 3-1: Foul Ball, location: 2F 3-2: Strikes out swinging
|
Top of the 6th over - 0 runs, 0 hits, 0 errors, 0 left on base; Oakland 2 - Palm Beach 0 |
BOTTOM OF THE 6TH |
Palm Beach Nationals batting - Pitching for Oakland Oaks : RHP Jalen Cobbins
|
Batting: LHB Chris Williams
|
0-0: Ball 1-0: Called Strike 1-1: Foul Ball, location: 2F 1-2: Strikes out swinging
|
Batting: RHB Tylor Cyr
|
0-0: Ball 1-0: Ball 2-0: Called Strike 2-1: Ball 3-1: Called Strike 3-2: Foul Ball, location: 2F 3-2: Strikes out swinging
|
Batting: SHB Curtis DeLille
|
0-0: Called Strike 0-1: Swinging Strike 0-2: Ball 1-2: Strikes out looking
|
Bottom of the 6th over - 0 runs, 0 hits, 0 errors, 0 left on base; Oakland 2 - Palm Beach 0 |
TOP OF THE 7TH |
Oakland Oaks batting - Pitching for Palm Beach Nationals : RHP Jimmy Purscell
|
Batting: RHB Todd Vanasco
|
0-0: Ball 1-0: Foul Ball, location: 2F 1-1: Foul Ball, location: 2F 1-2: Strikes out looking
|
Batting: LHB Alejandro Muniz
|
0-0: Foul Ball, location: 2F 0-1: Fly out, F7 (Flyball, 7, EV 85.0 MPH)
|
Batting: RHB Tim Cordle
|
0-0: Called Strike 0-1: Foul Ball, location: 2F 0-2: Strikes out swinging
|
Top of the 7th over - 0 runs, 0 hits, 0 errors, 0 left on base; Oakland 2 - Palm Beach 0 |
BOTTOM OF THE 7TH |
Palm Beach Nationals batting - Pitching for Oakland Oaks : RHP Jalen Cobbins
|
Batting: RHB Dave Burwell
|
0-0: Hit by Pitch
|
Batting: RHB Lamar Thornton
|
0-0: Swinging Strike 0-1: Swinging Strike 0-2: Ball 1-2: Ball 2-2: Strikes out swinging
|
Batting: RHB Jessie Fisher
|
0-0: Called Strike 0-1: Ball 1-1: Hit by Pitch Dave Burwell to second
|
Batting: RHB Scott Merritt
|
0-0: Called Strike 0-1: Foul Ball, location: 2F 0-2: Ball 1-2: Strikes out swinging
|
Batting: RHB Taffounnout Kame
|
0-0: Ball 1-0: Foul Ball, location: 2F 1-1: Ball 2-1: Fly out, F9 (Line Drive, 9, EV 95.0 MPH)
|
Bottom of the 7th over - 0 runs, 0 hits, 0 errors, 2 left on base; Oakland 2 - Palm Beach 0 |
TOP OF THE 8TH |
Oakland Oaks batting - Pitching for Palm Beach Nationals : RHP Jimmy Purscell
|
Batting: LHB Gregg Power
|
0-0: Ball 1-0: Called Strike 1-1: Ground out U3 (Groundball, 3, EV 86.9 MPH)
|
Batting: RHB Tim Anderson
|
0-0: Fly out, F8 (Flyball, 8RD, EV 105.0 MPH)
|
Batting: RHB Travis Robinson
|
0-0: Foul Ball, location: 2F 0-1: Ball 1-1: Foul Ball, location: 2F 1-2: Ball 2-2: Foul Ball, location: 2F 2-2: Strikes out swinging
|
Top of the 8th over - 0 runs, 0 hits, 0 errors, 0 left on base; Oakland 2 - Palm Beach 0 |
BOTTOM OF THE 8TH |
Palm Beach Nationals batting - Pitching for Oakland Oaks : RHP Jalen Cobbins
|
Pitching: RHP Hisatada Sekiguchi
|
|
Now at 1B: Jason Dove
|
|
Now in RF: Felipe Gomez
|
|
Batting: RHB Vasag Semerjian
|
0-0: Foul Ball, location: 2F 0-1: Ball 1-1: Foul Ball, location: 2F 1-2: Ball 2-2: Ball 3-2: Strikes out swinging
|
Batting: LHB Chris Williams
|
0-0: Fly out, F8 (Flyball, 8RM, EV 86.9 MPH)
|
Batting: RHB Tylor Cyr
|
0-0: Ball 1-0: Called Strike 1-1: Ball 2-1: Ball 3-1: Called Strike 3-2: Strikes out swinging
|
Bottom of the 8th over - 0 runs, 0 hits, 0 errors, 0 left on base; Oakland 2 - Palm Beach 0 |
TOP OF THE 9TH |
Oakland Oaks batting - Pitching for Palm Beach Nationals : RHP Jimmy Purscell
|
Batting: RHB Scott Lister
|
0-0: Ball 1-0: Ball 2-0: Called Strike 2-1: Foul Ball, location: 2F 2-2: Strikes out swinging
|
Batting: RHB Chris Bohm
|
0-0: Swinging Strike 0-1: Called Strike 0-2: Ball 1-2: Foul Ball, location: 2F 1-2: Fly out, F1 (Line Drive, P, EV 66.9 MPH)
|
Batting: SHB D.J. Codd
|
0-0: Swinging Strike 0-1: Foul Ball, location: 2F 0-2: Foul Ball, location: 2F 0-2: Ball 1-2: Strikes out swinging
|
Top of the 9th over - 0 runs, 0 hits, 0 errors, 0 left on base; Oakland 2 - Palm Beach 0 |
BOTTOM OF THE 9TH |
Palm Beach Nationals batting - Pitching for Oakland Oaks : RHP Hisatada Sekiguchi
|
Pitching: RHP Charlie Shook
|
|
Batting: SHB Curtis DeLille
|
0-0: Called Strike 0-1: Called Strike 0-2: Strikes out swinging
|
Batting: RHB Dave Burwell
|
0-0: Ball 1-0: Swinging Strike 1-1: Foul Ball, location: 2F 1-2: Strikes out swinging
|
Batting: RHB Lamar Thornton
|
0-0: Called Strike 0-1: Foul Ball, location: 2F 0-2: Ground out 6-3 (Groundball, 6, EV 85.6 MPH)
|
Bottom of the 9th over - 0 runs, 0 hits, 0 errors, 0 left on base; Oakland 2 - Palm Beach 0 |
|